[Event "Team 45 45 League T45"]
[Site "Internet Chess Club"]
[Date "2010.05.31"]
[Round "4"]
[White "jorobo"]
[Black "Ptzz"]
[Result "1/2-1/2"]
[WhiteElo "2145"]
[BlackElo "2087"]
[Opening "QGD Slav: Winawer counter-gambit"]
[ECO "A11"]
[Time "17:01:53"]
[TimeControl "2700+45"]

1. c4 c6 2. Nc3 d5 3. d4 e5 4. e3 e4 5. Bd2 Nf6 6. Qb3 Be7 7. Nh3 Na6 8. cxd5
cxd5 9. Bxa6 bxa6 10. Nf4 Be6 11. Qa4+ Qd7 12. Rc1 Qxa4 13. Nxa4 Kd7 14. Nc5+
Bxc5 15. Rxc5 Rhc8 16. Rxc8 Rxc8 17. Bc3 g5 18. Nxe6 Kxe6 19. h3 Ne8 20. Kd2 Nd6
21. b3 f5 22. Bb4 Ne8 23. h4 g4 24. g3 h5 25. Rc1 Kd7 26. Rc5 Nf6 27. Kc3 Rc6
28. a3 Kd6 29. Rc4+ Kd7 30. Rc5 Kd6 31. Rc4+ Kd7 {Game drawn by mutual
agreement} 1/2-1/2

[Event "Team 45 45 League T45"]
[Site "Internet Chess Club"]
[Date "2010.05.29"]
[Round "4"]
[White "Zumbi"]
[Black "TerryMalloy"]
[Result "1/2-1/2"]
[WhiteElo "1998"]
[BlackElo "2123"]
[Opening "Petrov: Kaufmann attack"]
[ECO "C42"]
[Time "16:37:37"]
[TimeControl "2700+45"]

1. e4 e5 2. Nf3 Nf6 3. Nxe5 d6 4. Nf3 Nxe4 5. c4 Nc6 6. Nc3 Nxc3 7. dxc3 Be7 8.
Bd3 O-O 9. Qc2 h6 10. Be3 Ne5 11. Nxe5 dxe5 12. O-O-O Qe8 13. f4 exf4 14. Bxf4
Be6 15. Rhe1 Qc6 16. b3 a5 17. Be4 Qb6 18. Bd5 Rfe8 19. Bxe6 Ba3+ 20. Kb1 Rxe6
21. Rxe6 Qxe6 22. Bxc7 {Game drawn by mutual agreement} 1/2-1/2

[Event "Team 45 45 League T45"]
[Site "Internet Chess Club"]
[Date "2010.05.29"]
[Round "4"]
[White "Monsoon-Smith"]
[Black "ITurnYouOn"]
[Result "1-0"]
[WhiteElo "2140"]
[BlackElo "2283"]
[Opening "Lemming defense"]
[ECO "B00"]
[Time "11:15:07"]
[TimeControl "2700+45"]

1. e4 Na6 2. d4 c5 3. Nf3 cxd4 4. Nxd4 d6 5. Nc3 Nf6 6. Bb5+ Nd7 7. O-O Nc7 8.
Ba4 a6 9. f4 e6 10. f5 e5 11. Ne6 Nxe6 12. fxe6 fxe6 13. Qh5+ g6 14. Qf3 Qe7 15.
h4 h6 16. Qg4 Rg8 17. Be3 b5 18. Bb3 Nc5 19. a4 b4 20. Na2 Nxb3 21. cxb3 d5 22.
Rac1 d4 23. Bd2 a5 24. Rc6 Bd7 25. Rc7 Kd8 26. Rfc1 Rc8 27. Rxc8+ Bxc8 28. Qe2
Qb7 29. Rf1 Qc6 30. Rc1 Qb7 31. Qf3 Qe7 32. Qe2 Qxh4 33. Qb5 Bd7 34. Qxa5+ Ke8
35. Qa8+ Kf7 36. Qb7 Ke8 37. Rc7 Rg7 38. Nxb4 Re7 39. Nd3 Qh5 40. Nf2 Qe2 41.
Bb4 d3 42. Rxd7 Rxd7 43. Qc8+ Kf7 44. Qxf8# {Black checkmated} 1-0

[Event "Team 45 45 League T45"]
[Site "Internet Chess Club"]
[Date "2010.05.30"]
[Round "4"]
[White "NFork"]
[Black "Kolibri"]
[Result "1-0"]
[WhiteElo "2293"]
[BlackElo "2060"]
[Opening "Réti opening"]
[ECO "A05"]
[Time "15:00:19"]
[TimeControl "2700+45"]

1. Nf3 Nf6 2. g3 Nc6 3. d4 d5 4. Bg2 g6 5. c4 Bg7 6. cxd5 Nxd5 7. O-O O-O 8. Nc3
Nb6 9. e3 e5 10. d5 Na5 11. e4 Nac4 12. a4 Nd6 13. Re1 a5 14. b3 Re8 15. Be3 Nd7
16. Rc1 b6 17. Qd2 Ba6 18. Bh3 Nb7 19. Bf1 Bxf1 20. Kxf1 Nbc5 21. Qc2 Qc8 22.
Kg2 Bf8 23. Nd2 Na6 24. Nb5 Ndc5 25. Qb1 Nb4 26. Rc3 Qd7 27. Nc4 Rab8 28. Rd1
Nba6 29. Na7 Bd6 30. Nc6 Ra8 31. Rdc1 Nb7 32. Qb2 Nac5 33. Qb1 f6 34. Nxd6 cxd6
35. Rc4 Nd8 36. b4 axb4 37. Rxb4 Nxc6 38. dxc6 Qxc6 39. Rxb6 Qxa4 40. Bxc5 dxc5
41. Rxc5 Ra6 42. Rb7 Rc6 43. Rd5 Rc2 44. Qe1 Rc1 45. Qe3 Rc3 46. Qe2 Rc2 47. Qe3
Qc4 48. Rdd7 g5 49. Rg7+ Kh8 50. Rxh7+ Kg8 51. Rhg7+ Kh8 52. Qf3 Qe2 53. Rh7+
Kg8 54. Rbg7+ {Black resigns} 1-0

[Event "Team 45 45 League T45"]
[Site "Internet Chess Club"]
[Date "2010.05.28"]
[Round "4"]
[White "Jack-ONeill"]
[Black "Boromir"]
[Result "1/2-1/2"]
[WhiteElo "2036"]
[BlackElo "1990"]
[Opening "Caro-Kann: two knights, 3...Bg4"]
[ECO "B10"]
[Time "15:07:34"]
[TimeControl "2700+45"]

1. e4 c6 2. Nf3 d5 3. Nc3 Bg4 4. h3 Bh5 5. exd5 cxd5 6. Bb5+ Nc6 7. g4 Bg6 8.
Ne5 Qc7 9. d4 e6 10. Qe2 Bb4 11. Bf4 Qb6 12. Rd1 Nf6 13. h4 Ne4 14. h5 Bxc3+ 15.
Kf1 Bxd4 16. hxg6 Bxe5 17. Bxe5 fxg6 18. Bxg7 Rg8 19. Bd4 Qc7 20. Kg2 a6 21.
Bxc6+ bxc6 22. c4 Rb8 23. b3 h5 24. cxd5 cxd5 25. Rc1 Qf4 26. Rc6 Kd7 27. Rxa6
Rb7 28. Qf3 Qxf3+ 29. Kxf3 Rf8+ 30. Ke2 Rb4 31. Ra7+ Kd6 32. Ra6+ Kd7 33. Ra7+
Kd6 34. Ra6+ Kd7 {Game drawn by repetition} 1/2-1/2

[Event "Team 45 45 League T45"]
[Site "Internet Chess Club"]
[Date "2010.06.06"]
[Round "4"]
[White "saksipotku"]
[Black "baumhauer"]
[Result "1-0"]
[WhiteElo "2118"]
[BlackElo "1931"]
[Opening "Sicilian: Alapin's variation (2.c3)"]
[ECO "B22"]
[Time "03:02:28"]
[TimeControl "2700+45"]

1. e4 c5 2. c3 Nf6 3. e5 Nd5 4. d4 d6 5. Nf3 cxd4 6. Bc4 e6 7. cxd4 Nc6 8. O-O
Nb6 9. Bb5 Bd7 10. Nc3 dxe5 11. dxe5 Bb4 12. Bg5 Qb8 13. Rc1 O-O 14. Bf4 Bxc3
15. bxc3 a6 16. Bd3 f5 17. c4 Qc7 18. Rb1 Na5 19. Be3 Nbxc4 20. Bxc4 Nxc4 21.
Bc5 Rfc8 22. Bd6 Qc6 23. Nd4 Qd5 24. Nxf5 Qxd1 25. Ne7+ Kf7 26. Rfxd1 Nxd6 27.
Nxc8 {Black resigns} 1-0

[Event "Team 45 45 League T45"]
[Site "Internet Chess Club"]
[Date "2010.05.30"]
[Round "4"]
[White "Vaigpertu"]
[Black "freestyle"]
[Result "1/2-1/2"]
[WhiteElo "2278"]
[BlackElo "2306"]
[Opening "Catalan opening"]
[ECO "E00"]
[Time "16:45:16"]
[TimeControl "2700+45"]

1. d4 Nf6 2. c4 e6 3. g3 d5 4. Nf3 dxc4 5. Qa4+ Nbd7 6. Bg2 a6 7. Nc3 c5 8. O-O
Be7 9. dxc5 Bxc5 10. Ne5 O-O 11. Nxd7 Qxd7 12. Qxc4 {Game drawn by mutual
agreement} 1/2-1/2

[Event "Team 45 45 League T45"]
[Site "Internet Chess Club"]
[Date "2010.06.05"]
[Round "4"]
[White "theophilus"]
[Black "gaibo4ever"]
[Result "1-0"]
[WhiteElo "2196"]
[BlackElo "2024"]
[Opening "King's Indian: Petrosian system, Stein variation"]
[ECO "E92"]
[Time "09:03:39"]
[TimeControl "2700+45"]

1. d4 Nf6 2. c4 g6 3. Nc3 Bg7 4. e4 d6 5. Nf3 O-O 6. Be2 e5 7. d5 a5 8. Bg5 h6
9. Bh4 Na6 10. Nd2 Bd7 11. O-O Qe8 12. b3 Nh7 13. f3 h5 14. a3 Bh6 15. Kh1 Be3
16. Rb1 f5 17. exf5 gxf5 18. b4 axb4 19. axb4 Kh8 20. f4 exf4 21. Bxh5 Qe5 22.
Ne2 Rg8 23. Bf3 Ng5 24. Bxg5 Rxg5 25. Nb3 Rg7 26. Ra1 Rag8 27. Qe1 Rh7 28. b5
Qf6 29. h3 Nc5 30. Nxc5 dxc5 31. Qc3 Qxc3 32. Nxc3 Rb8 33. Ra7 Be8 34. Rb1 Bh5
35. Bxh5 Rxh5 36. Rf1 Kg7 37. Ne2 Rh4 38. Ra3 Kf6 39. Ng1 Rh6 40. Nf3 Rh7 41. b6
c6 42. dxc6 bxc6 43. Ra7 Rhb7 44. Rxb7 Rxb7 45. Rb1 Ke6 46. Rb3 Bd4 47. Ne1 Ke5
48. h4 Ke4 49. Nf3 Bf6 50. h5 Bd8 51. h6 Bf6 52. Kg1 Bd8 53. Kf1 Bf6 54. Ke2 Bd8
55. h7 Rxh7 56. b7 Rxb7 57. Rxb7 Bc7 58. Ng5+ {Black resigns} 1-0

[Event "Team 45 45 League T45"]
[Site "Internet Chess Club"]
[Date "2010.05.30"]
[Round "4"]
[White "frank001"]
[Black "Terte"]
[Result "0-1"]
[WhiteElo "1897"]
[BlackElo "2060"]
[Opening "Richter-Veresov attack"]
[ECO "D01"]
[Time "04:17:32"]
[TimeControl "2700+45"]

1. d4 Nf6 2. Nc3 d5 3. Bg5 e6 4. a3 Be7 5. Nf3 O-O 6. e3 Nbd7 7. Bd3 c5 8. dxc5
Nxc5 9. O-O Nxd3 10. Qxd3 b6 11. Rad1 Bb7 12. Rfe1 a6 13. Nd2 Qc7 14. e4 dxe4
15. Ndxe4 Nxe4 16. Bxe7 Nxc3 {White resigns} 0-1

[Event "Team 45 45 League T45"]
[Site "Internet Chess Club"]
[Date "2010.05.29"]
[Round "4"]
[White "Pason"]
[Black "Guoruey"]
[Result "0-1"]
[WhiteElo "2049"]
[BlackElo "1944"]
[Opening "QGD semi-Slav: Chigorin defense"]
[ECO "D45"]
[Time "12:14:12"]
[TimeControl "2700+45"]

1. d4 d5 2. Nf3 Nf6 3. c4 c6 4. Nc3 e6 5. e3 Bd6 6. Bd3 Nbd7 7. cxd5 exd5 8. O-O
O-O 9. Rb1 Qe7 10. Re1 Ne4 11. Nd2 Bxh2+ 12. Kf1 Ndf6 13. f3 Ng3+ 14. Kf2 Nf5
15. Nf1 Bd6 16. Qc2 g6 17. Bd2 Qc7 18. Ke2 Re8 19. Kd1 Nh4 20. Re2 Bf5 21. Rc1
a6 22. Be1 Bxd3 23. Qxd3 Nf5 24. g4 Ng3 25. Nxg3 Bxg3 26. g5 Nh5 27. Nxd5 Qd8
28. Nf6+ Nxf6 29. Bxg3 Nh5 30. Bh4 Qd5 31. e4 Qxa2 32. Qe3 Rad8 33. Be1 Qa4+ 34.
Rcc2 Rxd4+ 35. Rd2 Red8 36. Ke2 Rxd2+ 37. Rxd2 Qb5+ 38. Kf2 Rxd2+ 39. Bxd2 Qxb2
40. e5 Ng7 41. f4 Nf5 42. Qe2 c5 43. Kg2 Nd4 44. Qd3 c4 45. Qe3 c3 46. Qxc3 Qxc3
47. Bxc3 Ne2 48. Bd2 Kf8 49. Kf3 Nd4+ 50. Ke4 Ne6 51. Be3 Ke7 52. Kd5 Kd7 53.
Bd2 b6 54. Be3 Nc7+ 55. Ke4 Kc6 56. f5 Nd5 57. Bd2 gxf5+ 58. Kxf5 b5 59. Ba5 b4
{White resigns} 0-1

[Event "Team 45 45 League T45"]
[Site "Internet Chess Club"]
[Date "2010.06.02"]
[Round "4"]
[White "YoniKer"]
[Black "Uwak"]
[Result "0-1"]
[WhiteElo "2097"]
[BlackElo "2426"]
[Opening "English: symmetrical, Botvinnik system"]
[ECO "B20"]
[Time "10:32:03"]
[TimeControl "2700+45"]

1. e4 c5 2. c4 Nc6 3. Nc3 g6 4. g3 Bg7 5. Bg2 d6 6. Nge2 h5 7. h3 Bd7 8. O-O Qc8
9. Kh2 Ne5 10. d3 h4 11. g4 Bxg4 12. hxg4 h3 13. Bh1 Nxg4+ 14. Kg3 N8f6 15. Nf4
g5 16. Nfd5 Nh5+ 17. Kf3 Bxc3 18. Nxc3 Nh2+ 19. Ke2 Nxf1 20. Qxf1 Qg4+ 21. Kd2
Nf4 22. Kc2 e5 23. Be3 h2 24. Re1 O-O-O 25. Ne2 Qh3 26. Qxh3+ Rxh3 27. Ng3 Kc7
28. Kd2 Rb8 29. b3 b5 30. Bf3 b4 31. Rh1 a5 32. Bd1 Ra8 33. Nf1 Rah8 34. Ng3 Kc6
35. Be2 a4 36. bxa4 Nxe2 37. Kxe2 Ra8 38. a3 bxa3 39. Ra1 Rxg3 40. fxg3 a2 41.
Bxg5 Rh8 42. Bh4 Rb8 {White resigns} 0-1

[Event "Team 45 45 League T45"]
[Site "Internet Chess Club"]
[Date "2010.05.30"]
[Round "4"]
[White "xakelari"]
[Black "technika"]
[Result "0-1"]
[WhiteElo "2040"]
[BlackElo "2004"]
[Opening "Sicilian: closed, 2...Nc6"]
[ECO "B23"]
[Time "15:30:13"]
[TimeControl "2700+45"]

1. e4 c5 2. Nc3 Nc6 3. Bb5 Nd4 4. Bc4 e6 5. Nge2 Ne7 6. O-O a6 7. a4 Nec6 8. d3
Be7 9. f4 Nxe2+ 10. Qxe2 O-O 11. Be3 b6 12. Qh5 Bb7 13. Rf3 g6 14. Qh6 f5 15.
Raf1 Rf7 16. Rg3 Bf8 17. Qh5 Rg7 18. Qd1 Nd4 19. e5 d5 20. exd6 Qxd6 21. Kh1 Re7
22. Ne2 Bg7 23. c3 Nc6 24. d4 Rd8 25. Qd3 Na5 26. Ba2 Bd5 27. Bxd5 exd5 28. Qxa6
Nc4 29. dxc5 bxc5 30. Qxd6 Nxd6 31. Ng1 Ne4 32. Rh3 Ra8 33. Nf3 Rxa4 34. Ng5 d4
35. cxd4 cxd4 36. Bg1 h6 37. Rb3 hxg5 {White resigns} 0-1

[Event "Team 45 45 League T45"]
[Site "Internet Chess Club"]
[Date "2010.05.30"]
[Round "4"]
[White "BRAINWAVE"]
[Black "Darkwizard1"]
[Result "1-0"]
[WhiteElo "1803"]
[BlackElo "1907"]
[Opening "Paleface attack"]
[ECO "A45"]
[Time "15:26:39"]
[TimeControl "2700+45"]

1. d4 Nf6 2. f3 d5 3. f4 c5 4. c3 Nc6 5. Nf3 Bf5 6. e3 e6 7. Bd3 Bxd3 8. Qxd3
Ne4 9. Nbd2 f5 10. O-O h6 11. Ne5 g5 12. Nxe4 dxe4 13. Qc4 Qd5 14. Qxd5 exd5 15.
Nxc6 bxc6 16. fxg5 hxg5 17. Rxf5 Be7 18. b3 Kd7 19. Ba3 Bd6 20. h3 g4 21. hxg4
Bh2+ 22. Kf2 cxd4 23. cxd4 Rag8 24. Rh5 Rxh5 25. gxh5 Rg5 26. h6 Rf5+ 27. Ke2
Bg3 28. Rh1 Rf2+ 29. Kd1 Rxa2 30. Rh3 Rxg2 31. h7 Rg1+ 32. Ke2 Rg2+ 33. Kf1 Rf2+
34. Kg1 Rf3 35. h8=Q {Black resigns} 1-0

[Event "Team 45 45 League T45"]
[Site "Internet Chess Club"]
[Date "2010.05.28"]
[Round "4"]
[White "frothyjowels"]
[Black "AugustoCaruso"]
[Result "0-1"]
[WhiteElo "2385"]
[BlackElo "2271"]
[Opening "French defense"]
[ECO "C00"]
[Time "13:26:17"]
[TimeControl "2700+45"]

1. e4 e6 2. Nf3 d5 3. exd5 exd5 4. d4 Bd6 5. c4 c6 6. Nc3 Ne7 7. Be2 O-O 8. O-O
dxc4 9. Bxc4 Nd7 10. Bg5 Nb6 11. Bb3 Bg4 12. Qd3 Kh8 13. Bxe7 Qxe7 14. Rfe1 Qc7
15. h3 Bh5 16. Ne5 Bxe5 17. Rxe5 Bg6 18. Qe3 Rad8 19. Rd1 Rd7 20. Re1 f6 21. Re7
Qd6 22. Rxd7 Qxd7 23. Qe7 Re8 {White resigns} 0-1

[Event "Team 45 45 League T45"]
[Site "Internet Chess Club"]
[Date "2010.06.04"]
[Round "4"]
[White "izit"]
[Black "eurander"]
[Result "0-1"]
[WhiteElo "2206"]
[BlackElo "2235"]
[Opening "QGD semi-Slav: Stoltz variation"]
[ECO "D45"]
[Time "16:00:53"]
[TimeControl "2700+45"]

1. d4 d5 2. c4 c6 3. Nc3 Nf6 4. e3 e6 5. Nf3 Nbd7 6. Qc2 Bd6 7. b3 O-O 8. Be2 b6
9. O-O Bb7 10. Bb2 Rc8 11. e4 dxe4 12. Nxe4 Nxe4 13. Qxe4 Nf6 14. Qh4 Qe7 15.
Rad1 Rfd8 16. Bd3 h6 17. Rfe1 Bb8 18. Bb1 Re8 19. Ne5 Rcd8 20. Ng4 Nxg4 21. Qxg4
Qg5 22. Qe4 f5 23. Qe2 c5 24. d5 Qg6 25. Qf3 exd5 26. Rxe8+ Rxe8 27. cxd5 Qf7
28. g3 Be5 29. Bc1 Bd4 30. Qxf5 Qxf5 31. Bxf5 Bxd5 32. Be3 Bf3 33. Re1 Bxe3 34.
fxe3 Rd8 35. Kf2 Rd1 36. Rxd1 Bxd1 37. e4 Kf7 38. Ke3 Kf6 39. h4 Ke5 40. Bc8 Bc2
41. Bb7 b5 42. Ba6 b4 43. Bd3 Bd1 44. Bc4 a5 45. Bd3 a4 46. Bc4 Bc2 47. Bd5 a3
{White resigns} 0-1

[Event "Team 45 45 League T45"]
[Site "Internet Chess Club"]
[Date "2010.06.03"]
[Round "4"]
[White "Freitac"]
[Black "Gil-galad"]
[Result "1/2-1/2"]
[WhiteElo "1979"]
[BlackElo "2141"]
[Opening "King's Indian: Sämisch, 5...O-O"]
[ECO "E81"]
[Time "14:30:06"]
[TimeControl "2700+45"]

1. d4 Nf6 2. c4 g6 3. Nc3 Bg7 4. e4 d6 5. f3 O-O 6. Be3 c5 7. dxc5 dxc5 8. Qxd8
Rxd8 9. Bxc5 Nc6 10. Ba3 a5 11. Rd1 Be6 12. Nd5 Nb4 13. Nxe7+ Kh8 14. Rxd8+ Rxd8
15. Nd5 Nc2+ 16. Kf2 Nxa3 17. bxa3 b5 18. Nh3 bxc4 19. Bxc4 Rc8 20. Bb3 a4 21.
Bxa4 Nxd5 22. exd5 Bxd5 23. Bb3 Bxb3 24. axb3 Rc2+ 25. Kg3 Be5+ 26. f4 Rc3+ 27.
Kg4 Bf6 28. f5 Rxb3 29. Rf1 h5+ 30. Kf4 Rxa3 31. fxg6 fxg6 32. Ke4 Kg7 {Game
drawn by mutual agreement} 1/2-1/2

[Event "Team 45 45 League T45"]
[Site "Internet Chess Club"]
[Date "2010.05.30"]
[Round "4"]
[White "QueensCounselor"]
[Black "jefferyx"]
[Result "1-0"]
[WhiteElo "2140"]
[BlackElo "2098"]
[Opening "Nimzo-Indian: classical variation"]
[ECO "E32"]
[Time "14:03:04"]
[TimeControl "2700+45"]

1. d4 Nf6 2. c4 e6 3. Nc3 Bb4 4. Qc2 O-O 5. a3 Bxc3+ 6. Qxc3 d5 7. Nf3 Ne4 8.
Qc2 b6 9. Bf4 Ba6 10. e3 c5 11. Bd3 f5 12. O-O Nc6 13. Rfd1 Rc8 14. cxd5 Bxd3
15. Qxd3 Qxd5 16. dxc5 Qxd3 17. Rxd3 bxc5 18. Ne5 Nxe5 19. Bxe5 Rfd8 20. Rad1
Rxd3 21. Rxd3 c4 22. Rd7 c3 23. bxc3 Rc5 24. Bd4 Rb5 25. g3 Rb1+ 26. Kg2 Rb2 27.
Rxg7+ Kf8 28. Rxh7 Rxf2+ 29. Kg1 Rd2 30. Rxa7 Rd1+ 31. Kg2 Rd2+ 32. Kh3 Ng5+ 33.
Kh4 Nf3+ 34. Kh5 Rxh2+ 35. Kg6 Rh3 36. Bg7+ Ke8 37. Kf6 Rxg3 38. Kxe6 Kd8 39.
Kxf5 Nd2 40. Bd4 Rf3+ 41. Ke6 Nc4 42. e4 {Black resigns} 1-0

[Event "Team 45 45 League T45"]
[Site "Internet Chess Club"]
[Date "2010.05.30"]
[Round "4"]
[White "MaartenKoning"]
[Black "zeigmata"]
[Result "1-0"]
[WhiteElo "2307"]
[BlackElo "2248"]
[Opening "Sicilian: Richter-Rauzer, Rauzer attack, 7...a6"]
[ECO "B66"]
[Time "14:03:49"]
[TimeControl "2700+45"]

1. e4 c5 2. Nf3 d6 3. d4 cxd4 4. Nxd4 Nf6 5. Nc3 Nc6 6. Bg5 e6 7. Qd2 a6 8.
O-O-O h6 9. Nxc6 bxc6 10. Bf4 d5 11. Qe3 Be7 12. Be2 O-O 13. h4 Bb4 14. e5 Nd7
15. g4 f6 16. exf6 Qxf6 17. Bg3 e5 18. g5 Qe7 19. gxh6 d4 20. Bc4+ Kh8 21. hxg7+
Qxg7 22. Qg5 Be7 23. Qxg7+ Kxg7 24. Ne4 Bb7 25. h5 c5 26. Rde1 Bxe4 27. Rxe4
Bg5+ 28. Kb1 Kh6 29. Be6 Nf6 30. Rxe5 {Black resigns} 1-0

[Event "Team 45 45 League T45"]
[Site "Internet Chess Club"]
[Date "2010.05.29"]
[Round "4"]
[White "Stryker672"]
[Black "Paulkov"]
[Result "1/2-1/2"]
[WhiteElo "1940"]
[BlackElo "2222"]
[Opening "Sicilian: Alapin's variation (2.c3)"]
[ECO "B22"]
[Time "15:14:28"]
[TimeControl "2700+45"]

1. e4 c5 2. c3 d5 3. exd5 Qxd5 4. d4 e5 5. Nf3 Nc6 6. Nxe5 Nxe5 7. dxe5 Qxe5+ 8.
Be3 Bd7 9. Be2 Nf6 10. Bf3 Be7 11. O-O O-O 12. Re1 Rfe8 13. Nd2 Qc7 14. g3 Bc6
15. Bxc6 Qxc6 16. Qf3 Qb5 17. b3 Rad8 18. Nc4 Nd5 19. Bd2 Bf6 20. Rxe8+ Qxe8 21.
Re1 Qd7 22. Ne5 Bxe5 23. Rxe5 f6 {Game drawn by mutual agreement} 1/2-1/2

[Event "Team 45 45 League T45"]
[Site "Internet Chess Club"]
[Date "2010.06.02"]
[Round "4"]
[White "nb"]
[Black "perikitosax"]
[Result "0-1"]
[WhiteElo "2050"]
[BlackElo "1966"]
[Opening "Benoni: fianchetto, 9...Nbd7"]
[ECO "A64"]
[Time "12:54:58"]
[TimeControl "2700+45"]

1. d4 Nf6 2. c4 c5 3. d5 e6 4. Nc3 exd5 5. cxd5 d6 6. g3 g6 7. Bg2 Bg7 8. Nf3
O-O 9. O-O Nbd7 10. a4 a6 11. Nd2 Nh5 12. Nce4 Ndf6 13. Nxf6+ Qxf6 14. Nc4 Qd8
15. h3 f5 16. Ra3 b6 17. Bd2 Rb8 18. b4 Qc7 19. Qc1 b5 20. bxc5 Qxc5 21. axb5
Rxb5 22. Be3 Qb4 23. Bd2 Qc5 24. Ra5 Nxg3 25. Be3 Nxe2+ 26. Kh1 Nxc1 27. Bxc5
Nb3 28. Rxb5 axb5 29. Nxd6 Nxc5 30. Rc1 Bd4 31. Nxb5 Bxf2 32. Rc2 Be3 33. Nd6 f4
34. Nc4 Nd7 35. Bf3 Ba6 36. Nd6 Ne5 37. Kg2 Rd8 38. Ne4 Nxf3 39. Kxf3 Bb7 40.
Nf6+ Kg7 41. Nh5+ gxh5 42. Rc7+ Kg6 43. Rxb7 Rxd5 44. h4 Ra5 45. Rd7 Rc5 46.
Rd6+ Kf7 47. Rd7+ Ke6 48. Rxh7 Bc1 49. Rh6+ Kf7 50. Ra6 Rc3+ 51. Kf2 Rh3 52.
Ra7+ Kg6 53. Ra6+ Kf5 54. Ra5+ Kg4 55. Rg5+ Kxh4 56. Rg2 Rg3 57. Rh2+ Kg4 58.
Kf1 h4 59. Ra2 h3 60. Rh2 Be3 61. Rh1 Kf3 {White resigns} 0-1

[Event "Team 45 45 League T45"]
[Site "Internet Chess Club"]
[Date "2010.05.26"]
[Round "4"]
[White "screamingeagle"]
[Black "Seaborgium"]
[Result "0-1"]
[WhiteElo "2074"]
[BlackElo "2138"]
[Opening "Sicilian: closed, 6.Be3"]
[ECO "B26"]
[Time "20:00:05"]
[TimeControl "2700+45"]

1. e4 c5 2. Nc3 d6 3. g3 g6 4. Bg2 Bg7 5. d3 Nc6 6. Be3 Nf6 7. h3 O-O 8. Nge2
Bd7 9. f4 Rb8 10. O-O b5 11. Qd2 b4 12. Nd1 Ne8 13. f5 Nd4 14. g4 Nc7 15. Ng3 a5
16. Bh6 Bxh6 17. Qxh6 Nxc2 18. g5 Nxa1 19. Nh5 gxh5 20. f6 Ne6 21. e5 Bc6 22.
Bxc6 d5 23. Ne3 Kh8 24. Bxd5 Rg8 25. h4 Rg6 26. Qxh5 Nc2 27. fxe7 Qxe7 28. Nf5
Qd8 29. Nd6 Nxg5 30. Kh1 Ne3 31. Rf2 Rxd6 32. exd6 Qxd6 33. Bxf7 Nxf7 34. Rxf7
Qd5+ 35. Qxd5 Nxd5 36. Kg2 Kg8 37. Rf5 Ne3+ {White resigns} 0-1

[Event "Team 45 45 League T45"]
[Site "Internet Chess Club"]
[Date "2010.05.30"]
[Round "4"]
[White "Telos"]
[Black "vnchess"]
[Result "0-1"]
[WhiteElo "2419"]
[BlackElo "2280"]
[Opening "King's Indian: Sämisch variation"]
[ECO "E80"]
[Time "13:03:34"]
[TimeControl "2700+45"]

1. d4 Nf6 2. c4 g6 3. Nc3 Bg7 4. e4 d6 5. f3 b6 6. Be3 Nbd7 7. Qd2 c5 8. Nge2
Ba6 9. Nb5 Bxb5 10. cxb5 Rc8 11. Rc1 Rc7 12. dxc5 dxc5 13. Bf4 Rb7 14. Nc3 O-O
15. Bc4 Nh5 16. Bd5 Nxf4 17. Bxb7 Ne5 18. Qxd8 Rxd8 19. Rc2 Ned3+ 20. Kf1 Nxb2
21. g3 Nfd3 22. Ke2 Nb4 23. Rxb2 Bxc3 24. Rb3 Rd2+ 25. Ke3 Nc2+ 26. Kf4 Bg7 27.
Kg4 c4 28. Rbb1 c3 29. Bd5 Ne3+ 30. Kh3 c2 31. Rbc1 Bb2 {White resigns} 0-1

[Event "Team 45 45 League T45"]
[Site "Internet Chess Club"]
[Date "2010.05.30"]
[Round "4"]
[White "pestka"]
[Black "Cuby"]
[Result "1/2-1/2"]
[WhiteElo "2223"]
[BlackElo "2264"]
[Opening "Réti opening"]
[ECO "A30"]
[Time "15:00:49"]
[TimeControl "2700+45"]

1. Nf3 c5 2. c4 Nc6 3. d4 cxd4 4. Nxd4 Nf6 5. Nc3 g6 6. e4 d6 7. Be2 Bg7 8. Be3
O-O 9. O-O Qa5 10. Nb3 Qc7 11. Rc1 Be6 12. c5 Bxb3 13. Qxb3 dxc5 14. Bxc5 Qe5
15. Be3 Nd4 16. Bxd4 Qxd4 17. Qxb7 Rab8 18. Qxe7 Rxb2 19. Rfd1 Rd2 20. e5 Ng4
21. Rxd2 Qxd2 22. Rd1 Qxc3 23. Bxg4 Bxe5 24. Qxa7 Rb8 25. Qe3 {Game drawn by
mutual agreement} 1/2-1/2

[Event "Team 45 45 League T45"]
[Site "Internet Chess Club"]
[Date "2010.05.29"]
[Round "4"]
[White "baris"]
[Black "SlimeDog2"]
[Result "0-1"]
[WhiteElo "1961"]
[BlackElo "2194"]
[Opening "Petrov: classical attack, Marshall variation"]
[ECO "C42"]
[Time "00:30:47"]
[TimeControl "2700+45"]

1. e4 e5 2. Nf3 Nf6 3. Nxe5 d6 4. Nf3 Nxe4 5. d4 d5 6. Bd3 Bd6 7. O-O O-O 8. c4
c6 9. cxd5 cxd5 10. Nc3 Nxc3 11. bxc3 Bg4 12. Rb1 Nd7 13. h3 Bh5 14. Rb5 Nb6 15.
c4 Bxf3 16. Qxf3 dxc4 17. Bc2 Qc7 18. Be3 Qc6 19. Qxc6 bxc6 20. Rbb1 Rab8 21.
Be4 Nd5 22. Rbc1 f5 23. Bf3 c3 24. Bxd5+ cxd5 25. Rxc3 Rb2 26. g3 Rxa2 27. Rc6
Rd8 28. Rb1 Rd7 29. Rb5 Be7 30. Bf4 Bf6 31. Be5 Be7 32. Rc7 Rxc7 33. Bxc7 Bf6
34. Rxd5 Kf7 35. Bb8 Ke6 36. Rd6+ Ke7 37. d5 Bd4 38. Rc6 Rxf2 39. d6+ Kd8 40.
Bc7+ Kd7 41. Rc4 Rd2+ 42. Kf1 Be5 43. Ra4 Rd1+ 44. Ke2 Ra1 {White resigns} 0-1

[Event "Team 45 45 League T45"]
[Site "Internet Chess Club"]
[Date "2010.05.29"]
[Round "4"]
[White "Cristina"]
[Black "noHz"]
[Result "1-0"]
[WhiteElo "2083"]
[BlackElo "2082"]
[Opening "French: advance, Nimzovich system"]
[ECO "C02"]
[Time "14:03:26"]
[TimeControl "2700+45"]

1. e4 e6 2. d4 d5 3. e5 c5 4. Nf3 Nc6 5. Bd3 cxd4 6. O-O Bd7 7. Bf4 Qb6 8. Nbd2
a5 9. a3 Nge7 10. Qe2 Ng6 11. Bg3 a4 12. h4 Bc5 13. Rfb1 Qd8 14. b4 axb3 15.
Nxb3 Ba7 16. h5 Nge7 17. Bh4 Qc7 18. h6 g6 19. Bf6 Rg8 20. g4 Nc8 21. Ng5 Bb8
22. f4 Nb6 23. Nc5 Na5 24. Nxd7 Nxd7 25. Nxh7 Nc4 26. Rb3 Ba7 27. Rab1 Rb8 28.
Kh2 Qc6 29. a4 Nc5 30. Bg5 Rh8 31. Nf6+ Kf8 32. Bxc4 dxc4 33. Qxc4 Rc8 34. Rxb7
Qf3 35. R7b3 Qf2+ 36. Kh1 Rd8 37. Rh3 d3 38. cxd3 Qe2 39. h7 Nxd3 40. Rxd3 Kg7
41. Bh6+ {Black resigns} 1-0

[Event "Team 45 45 League T45"]
[Site "Internet Chess Club"]
[Date "2010.05.26"]
[Round "4"]
[White "VietLion"]
[Black "civilization"]
[Result "1-0"]
[WhiteElo "1861"]
[BlackElo "1654"]
[Opening "Sicilian: Pin, Koch variation"]
[ECO "B41"]
[Time "15:34:54"]
[TimeControl "2700+45"]

1. e4 c5 2. Nf3 e6 3. d4 cxd4 4. Nxd4 Nf6 5. Nc3 Bb4 6. e5 Ne4 7. Qg4 Nxc3 8.
Qxg7 Rf8 9. a3 Nb5+ 10. axb4 Nxd4 11. Bg5 Qb6 12. Bh6 Qxb4+ 13. c3 Nf5 14. cxb4
Nxg7 15. Bxg7 Rg8 16. Bf6 Na6 17. Ra3 Nxb4 18. Rg3 Rf8 19. Rg7 Nd5 20. Rxh7 Nxf6
21. exf6 d5 22. h4 Kd7 23. h5 Kd6 24. g4 Bd7 25. h6 Ke5 26. g5 Kf5 27. Rg7 Bc6
28. Rh4 Rh8 29. Bd3+ Ke5 30. Rxf7 Rag8 31. Rg7 Kd6 32. Rxg8 Rxg8 33. h7 Rh8 34.
g6 Be8 35. g7 {Black resigns} 1-0